AoeStats
← Axolot

Black Forest

505783646Analyzed
4v4 RM · 21d ago on Sep 11, 2026· 33m 19s· 8 players
Game mode
Random Map
Map size
Large (8 player)
Population
200
Speed
Normal
Resources
Standard
Victory
Conquest
Starting age
Dark Age
Ending age
Imperial Age
RankedLock teamsTeams togetherTeam positionsShared explorationLock speedFull tech treeHidden civsTurbo modeCheats
Victory
Defeat
🇺🇸 Cumans · United States
1634
+16
🇦🇺 Berbers · Australia
1563
+19
🇦🇺 Mapuche · Australia
1560
+19
🇦🇷 Sicilians · Argentina
1531
+20
🇦🇷 Inca · Argentina
1698
-22
🇦🇺 Teutons · Australia
1628
-19
🇮🇳 Britons · India
1616
-18
🇺🇸 Dravidians · United States
1550
-15
RogerRamjet
10:15 Feudal Age
14:14 Castle Age
13:01 Horse Collar
13:32 Double-Bit Axe
18:00 Loom
18:52 Wheelbarrow
20:55 Fervor
21:31 Bow Saw
21:32 Heavy Plow
27:16 Town Watch
28:29 Hand Cart
32:14 Imperial Age
29:47 Scale Mail Armor
30:18 Squires
31:09 Chain Mail Armor
31:04 Forging
30:16 Pikeman
30:42 Arson
31:29 Fletching
33:19 Iron Casting
32:19 Halberdier
32:54 Capped Ram
busy pushing deer
1:10 Loom
10:37 Feudal Age
10:38 Man-at-Arms
11:34 Arson
14:55 Fletching
18:16 Horse Collar
18:22 Double-Bit Axe
23:41 Castle Age
22:21 Stone Mining
22:42 Gold Mining
25:23 Heavy Plow
25:59 Bow Saw
27:25 Fortified Wall
29:02 Masonry
31:12 Town Watch
32:14 Wheelbarrow
kerwin
10:52 Feudal Age
14:40 Castle Age
12:27 Double-Bit Axe
14:03 Loom
15:48 Bow Saw
15:39 Horse Collar
16:28 Heavy Plow
23:45 Forging
24:16 Pikeman
26:43 Scale Mail Armor
27:57 Gambesons
27:58 Arson
28:13 Squires
34:24 Imperial Age
32:11 Fletching
gyNNNNN
0:42 Loom
11:58 Feudal Age
15:05 Double-Bit Axe
15:27 Scale Mail Armor
14:51 Champi Runner
21:54 Castle Age
19:50 Horse Collar
22:33 Forging
22:56 Chain Mail Armor
22:18 Pikeman
23:50 Iron Casting
25:23 Fletching
MrWrong
9:37 Feudal Age
10:17 Double-Bit Axe
10:14 Horse Collar
15:43 Wheelbarrow
15:50 Wheelbarrow
20:02 Castle Age
19:12 Bloodlines
19:08 Scale Barding Armor
20:34 Forging
21:21 Bow Saw
22:39 Iron Casting
23:32 Chain Barding Armor
27:28 Loom
29:05 Capped Ram
31:27 Gold Mining
33:57 Hand Cart
Axolot
0:51 Loom
10:48 Feudal Age
11:25 Double-Bit Axe
15:21 Fletching
15:46 Horse Collar
17:01 Wheelbarrow
23:36 Castle Age
22:22 Stone Mining
24:37 Bow Saw
24:28 Heavy Plow
24:48 Hand Cart
29:12 Gold Mining
30:34 Gold Shaft Mining
31:48 Pikeman
32:29 Squires
32:15 Arson
35:11 Imperial Age
33:06 Scale Mail Armor
33:17 Forging
pints007
10:01 Loom
12:04 Feudal Age
13:28 Wheelbarrow
16:02 Castle Age
14:25 Double-Bit Axe
17:08 Bow Saw
16:57 Fletching
21:38 Horse Collar
23:00 Bodkin Arrow
24:59 Padded Archer Armor
32:16 Imperial Age
29:43 Gold Mining
30:09 Stone Mining
31:07 Leather Archer Armor
31:32 Ballistics
34:08 Chemistry
34:12 Gold Shaft Mining
33:41 Bracer
34:12 Ring Archer Armor
PEPPA
0:54 Loom
10:05 Feudal Age
13:31 Double-Bit Axe
15:53 Horse Collar
15:59 Champi Runner
22:21 Castle Age
20:17 Stone Mining
20:56 Gold Mining
22:47 Fletching
23:34 Bodkin Arrow
30:28 Malon
Connection lost

Rejoining the realm…

Still unreachable

The connection could not be restored.

Session expired

The server has moved on; the page needs a fresh start.